 Dungeon Crawl Stone Soup version 0.13.0-18-g7b03ea5 (webtiles) character file.

285 Impy the Fey Minotaur (level 5, -4/42 HPs)
             Began as a Minotaur Death Knight on Oct 22, 2013.
             Was a Believer of Yredelemnul.
             Killed from afar by an orc wizard (7 damage)
             ... with a magic dart
             ... on Level 3 of the Dungeon.
             The game lasted 00:05:01 (1789 turns).

Impy the Fey Minotaur (Minotaur Death Knight)       Turns: 1789, Time: 00:05:02

HP  -4/42        AC  8     Str 18      XL: 5   Next: 17%
MP   6/6         EV 15     Int  8      God: Yredelemnul [**....]
Gold 126         SH  0     Dex 15      Spells:  0 memorised,  4 levels left

Res.Fire  : . . .   See Invis. : .   a - +1 mace
Res.Cold  : . . .   Warding    : .   h - +0 elf ring mail
Life Prot.: . . .   Conserve   : .   (no shield)
Res.Poison: .       Res.Corr.  : .   (helmet restricted)
Res.Elec. : .       Clarity    : .   (no cloak)
Sust.Abil.: . .     Spirit.Shd : .   o - +0 pair of gloves
Res.Mut.  : .       Stasis     : .   k - +0 pair of boots (curse)
Res.Rott. : .       Flight     : .   (no amulet)
Saprovore : . . .                    (no ring)
                                     (no ring)

@: agile, slowed, very slow, slightly resistant to hostile enchantments, fairly
stealthy
A: retaliatory headbutt, horns 2
a: Animate Remains, Recall Undead Slaves, Injury Mirror, Renounce Religion


You were on level 3 of the Dungeon.
You worshipped Yredelemnul.
Yredelemnul was pleased with you.
You were not hungry.

You visited 1 branch of the dungeon, and saw 3 of its levels.

You collected 106 gold pieces.

Inventory:

Hand weapons
 a - a +1,+1 mace (weapon)
Armour
 h - a +0 elven ring mail (worn)
 k - a cursed +0 pair of boots (worn)
 o - a +0 pair of gloves (worn)
Comestibles
 c - a bread ration
 d - a pear
 i - 2 chokos
 j - 2 meat rations
 p - a sausage
Scrolls
 e - 4 scrolls of identify
 f - a scroll of noise
Potions
 g - a potion of agility


   Skills:
 - Level 2.4 Fighting
 + Level 3.8 Maces & Flails
 + Level 3.7 Armour
 - Level 1.1 Dodging
 + Level 4.1 Invocations


You had 4 spell levels left.
You didn't know any spells.

Dungeon Overview and Level Annotations

Branches:
Dungeon (3/27)

Altars:


Innate Abilities, Weirdness & Mutations

You reflexively headbutt those who attack you in melee.
You have a pair of horns on your head.


Message History

The orc wizard gestures wildly while chanting.
The orc wizard blinks!
The orc wizard gestures at you while chanting.
The magic dart hits you!
* * * LOW HITPOINT WARNING * * *
Drink which item? (? for menu, Esc to quit)
You feel better.
The orc wizard points at you and mumbles some strange words.
The magic dart hits you!
* * * LOW HITPOINT WARNING * * *
The orc wizard closely misses you.
The orc wizard gestures at you while chanting.
You feel yourself slow down.
You hit the orc wizard but do no damage.
The orc wizard is severely wounded.
The orc wizard completely misses you. The orc wizard misses you.
The orc wizard points at you and mumbles some strange words.
The magic dart hits you!
You die...
Your body rises from the dead as a mindless zombie.

#.%#..##.#
#.....##.######
#
##...<##.....[#
.#
#....#######.#
#.# #....# #)#
#.. #....#
#.##.# ......#
##)#.##
####...#
#.....# .....
#..@#.#
.###.#.......o#
# #.#.........
#.##.#.....
#..<(....
####..#### #..#
#..# ..#


You could see an orc wizard.

Vanquished Creatures
  2 orc wizards (D:3)
  Jessica (D:2)
  Terence (D:2)
  A giant mite (D:1)
  2 worms (D:2)
  A giant gecko (D:1)
  An orc (D:3)
  3 bats
  2 giant cockroaches (D:1)
  3 hobgoblins (D:1)
  12 jackals (D:1)
  A quokka (D:2)
  2 giant newts (D:1)
  6 goblins
  8 kobolds
  6 rats
52 creatures vanquished.

Notes
Turn   | Place    | Note
--------------------------------------------------------------
     0 | D:1      | Impy, the Minotaur Death Knight, began the quest for the Orb.
     0 | D:1      | Reached XP level 1. HP: 17/17 MP: 2/2
   348 | D:1      | Reached XP level 2. HP: 21/24 MP: 2/2
   428 | D:1      | Reached skill level 3 in Invocations
   498 | D:1      | Reached XP level 3. HP: 14/29 MP: 4/4
   623 | D:1      | Acquired Yredelemnul's second power
  1148 | D:2      | Noticed Terence
  1158 | D:2      | Killed Terence
  1158 | D:2      | Reached XP level 4. HP: 25/37 MP: 5/5
  1190 | D:2      | Noticed Jessica
  1198 | D:2      | Killed Jessica
  1751 | D:3      | Paralysed by a potion of paralysis for 3 turns
  1771 | D:3      | Reached skill level 4 in Invocations
  1777 | D:3      | Reached XP level 5. HP: 22/42 MP: 6/6
  1789 | D:3      | Killed from afar by an orc wizard

Action                   |  1- 3 |  4- 6 || total
-------------------------+-------+-------++-------
Melee: Mace              |    94 |    50 ||   144
  Use: Potion            |     1 |     4 ||     5
       Scroll            |       |     1 ||     1
